APL (24 & UNDER)
PENSACOLA PILOTS @ SCOTTSDALE SCORPIONS
05/27/2026
 
TOP OF THE 1ST
Pensacola Pilots batting - Pitching for Scottsdale Scorpions : RHP Curt Watkins
Pitching: RHP Curt Watkins
Batting: RHB Leopoldo Horgan 0-0: Called Strike
0-1: Swinging Strike
0-2: Ball
1-2: Ball
2-2: Strikes out swinging
Batting: RHB Roberto Gómez 0-0: Ball
1-0: Ball
2-0: Called Strike
2-1: Ground out 6-3 (Groundball, 6)
Batting: LHB Alan McGilroy 0-0: Ball
1-0: Foul Ball, location: 2F
1-1: Foul Ball, location: 2F
1-2: Ball
2-2: Strikes out swinging
Top of the 1st over - 0 run(s), 0 hit(s), 0 error(s), 0 left on base; Pensacola 0 - Scottsdale 0
BOTTOM OF THE 1ST
Scottsdale Scorpions batting - Pitching for Pensacola Pilots : LHP António Dávila
Pitching: LHP António Dávila
Batting: LHB Ernesto Hernández 0-0: Ball
1-0: Called Strike
1-1: Called Strike
1-2: SINGLE (Line Drive, 34)
Batting: RHB Doug Delaney 0-0: Foul Ball, location: 2F
0-1: Foul Ball, location: 2F
0-2: Ball
1-2: Ball
2-2: Foul Ball, location: 2F
2-2: Fly out, F9 (Flyball, 89M)
Batting: RHB Jeff Bane 0-0: Ball
Ernesto Hernández steals 2nd base
1-0: Foul Ball, location: 2F
1-1: Called Strike
Ernesto Hernández steals 3rd base
1-2: Ball
2-2: SINGLE (Groundball, 34D) (infield hit)
Ernesto Hernández scores
Batting: RHB Geomar Dalsoglio 0-0: Called Strike
0-1: Ball
1-1: Ball
2-1: Foul Ball, location: 2F
2-2: Grounds into double play, 6-4-3 (Groundball, 6)
Bottom of the 1st over - 1 run(s), 2 hit(s), 0 error(s), 0 left on base; Pensacola 0 - Scottsdale 1
TOP OF THE 2ND
Pensacola Pilots batting - Pitching for Scottsdale Scorpions : RHP Curt Watkins
Batting: LHB Pedro Ramos 0-0: Called Strike
0-1: SINGLE (Line Drive, 3D)
Batting: RHB José Velázquez 0-0: Ball
1-0: Swinging Strike
1-1: Swinging Strike
1-2: Foul Ball, location: 2F
1-2: Strikes out swinging
Batting: RHB Peter Bishop 0-0: Ball
1-0: Called Strike
Pedro Ramos is caught stealing 2nd base
1-1: Ball
2-1: Foul Ball, location: 2F
2-2: Strikes out swinging
Top of the 2nd over - 0 run(s), 1 hit(s), 0 error(s), 0 left on base; Pensacola 0 - Scottsdale 1
BOTTOM OF THE 2ND
Scottsdale Scorpions batting - Pitching for Pensacola Pilots : LHP António Dávila
Batting: RHB David Suarze 0-0: Ball
1-0: Fly out, F8 (Flyball, 8LM)
Batting: RHB Sergio Domínguez 0-0: Ball
1-0: Ball
2-0: Called Strike
2-1: Ball
3-1: Base on Balls
Batting: RHB Felipe Domínguez 0-0: Ball
1-0: Called Strike
1-1: Ball
2-1: Swinging Strike
2-2: Strikes out swinging
Batting: RHB Cristián Román 0-0: Foul Ball, location: 2F
0-1: Swinging Strike
0-2: Ball
1-2: Foul Ball, location: 2F
1-2: Ball
2-2: Foul Ball, location: 2F
2-2: Strikes out swinging
Bottom of the 2nd over - 0 run(s), 0 hit(s), 0 error(s), 1 left on base; Pensacola 0 - Scottsdale 1
TOP OF THE 3RD
Pensacola Pilots batting - Pitching for Scottsdale Scorpions : RHP Curt Watkins
Batting: RHB Markus Cummins 0-0: Fly out, F7 (Flyball, 78M)
Batting: LHB Wilson Vecino 0-0: Called Strike
0-1: Ball
1-1: Ball
2-1: Called Strike
2-2: Strikes out swinging
Batting: RHB José Cordero 0-0: SINGLE (Groundball, 15S) (infield hit)
Batting: RHB Leopoldo Horgan 0-0: Called Strike
0-1: Ball
1-1: Foul Ball, location: 2F
1-2: Strikes out swinging
Top of the 3rd over - 0 run(s), 1 hit(s), 0 error(s), 1 left on base; Pensacola 0 - Scottsdale 1
BOTTOM OF THE 3RD
Scottsdale Scorpions batting - Pitching for Pensacola Pilots : LHP António Dávila
Batting: LHB José Garza 0-0: Called Strike
0-1: Fly out, F8 (Flyball, 8LXD)
Batting: LHB Ernesto Hernández 0-0: Ball
1-0: Foul Ball, location: 2F
1-1: Ball
2-1: Foul Ball, location: 2F
2-2: SOLO HOME RUN (Flyball, 8LXD), Distance : 402 ft
Batting: RHB Doug Delaney 0-0: Hit by Pitch
Batting: RHB Jeff Bane 0-0: Ball
1-0: Ball
2-0: Foul Ball, location: 2F
2-1: Ball
3-1: Foul Ball, location: 2F
3-2: Foul Ball, location: 2F
3-2: SINGLE (Line Drive, 78M)
Doug Delaney to second
Doug Delaney to third
Batting: RHB Geomar Dalsoglio 0-0: Called Strike
0-1: Ball
1-1: Ball
2-1: Foul Ball, location: 2F
2-2: Grounds into double play, 6-4-3 (Groundball, 6M)
Bottom of the 3rd over - 1 run(s), 2 hit(s), 0 error(s), 1 left on base; Pensacola 0 - Scottsdale 2
TOP OF THE 4TH
Pensacola Pilots batting - Pitching for Scottsdale Scorpions : RHP Curt Watkins
Batting: RHB Roberto Gómez 0-0: Called Strike
0-1: Ball
1-1: Called Strike
1-2: Ball
2-2: Ball
3-2: Foul Ball, location: 2F
3-2: Foul Ball, location: 2F
3-2: Foul Ball, location: 2F
3-2: Strikes out swinging
Batting: LHB Alan McGilroy 0-0: Fly out, F9 (Flyball, 89D)
Batting: LHB Pedro Ramos 0-0: Called Strike
0-1: Ball
1-1: Foul Ball, location: 2F
1-2: SINGLE (Line Drive, 89S)
Batting: RHB José Velázquez 0-0: Ball
Pedro Ramos is caught stealing 2nd base
Top of the 4th over - 0 run(s), 1 hit(s), 0 error(s), 0 left on base; Pensacola 0 - Scottsdale 2
BOTTOM OF THE 4TH
Scottsdale Scorpions batting - Pitching for Pensacola Pilots : LHP António Dávila
Batting: RHB David Suarze 0-0: Ball
1-0: Ball
2-0: Fly out, F6 (Line Drive, 6)
Batting: RHB Sergio Domínguez 0-0: SINGLE (Line Drive, 7LS)
Batting: RHB Felipe Domínguez 0-0: Ball
1-0: Called Strike
1-1: Ball
2-1: Called Strike
2-2: Ball
3-2: Base on Balls
Sergio Domínguez to second
Batting: RHB Cristián Román 0-0: Ball
1-0: Called Strike
1-1: Ball
Wild Pitch!
Sergio Domínguez to third
Felipe Domínguez to second
2-1: Ball
3-1: Base on Balls
Batting: LHB José Garza 0-0: Ball
1-0: Foul Ball, location: 2F
1-1: Swinging Strike
1-2: Ball
2-2: Foul Ball, location: 2F
2-2: Ball
3-2: Base on Balls
Sergio Domínguez scores
Felipe Domínguez to third
Cristián Román to second
Batting: LHB Ernesto Hernández 0-0: Called Strike
0-1: Swinging Strike
0-2: Ball
1-2: Strikes out swinging
Pitching: RHP Pedro Vargas
Batting: RHB Doug Delaney 0-0: Ball
1-0: Ball
2-0: Ball
3-0: Base on Balls
Felipe Domínguez scores
Cristián Román to third
José Garza to second
Batting: RHB Jeff Bane 0-0: Ball
1-0: Foul Ball, location: 2F
1-1: Swinging Strike
1-2: Foul Ball, location: 2F
1-2: Ball
2-2: Ball
3-2: Foul Ball, location: 2F
3-2: Fly out, F9 (Flyball, 9LM)
Bottom of the 4th over - 2 run(s), 1 hit(s), 0 error(s), 3 left on base; Pensacola 0 - Scottsdale 4
TOP OF THE 5TH
Pensacola Pilots batting - Pitching for Scottsdale Scorpions : RHP Curt Watkins
Batting: RHB José Velázquez 0-0: Swinging Strike
0-1: Called Strike
0-2: Ground out 6-3 (Groundball, 6)
Batting: RHB Peter Bishop 0-0: Ball
1-0: Foul Ball, location: 2F
1-1: Called Strike
1-2: Fly out, F4 (Popup, 3L)
Batting: RHB Markus Cummins 0-0: Called Strike
0-1: Called Strike
0-2: Ball
1-2: Foul Ball, location: 2F
1-2: Foul Ball, location: 2F
1-2: Strikes out swinging
Top of the 5th over - 0 run(s), 0 hit(s), 0 error(s), 0 left on base; Pensacola 0 - Scottsdale 4
BOTTOM OF THE 5TH
Scottsdale Scorpions batting - Pitching for Pensacola Pilots : RHP Pedro Vargas
Batting: RHB Geomar Dalsoglio 0-0: Ball
1-0: Ball
2-0: Fly out, F7 (Flyball, 78M)
Batting: RHB David Suarze 0-0: Called Strike
0-1: Ball
1-1: Called Strike
1-2: Ball
2-2: Foul Ball, location: 2F
2-2: Ball
3-2: Base on Balls
Batting: RHB Sergio Domínguez 0-0: Ball
1-0: Called Strike
1-1: Ball
2-1: Called Strike
2-2: Fly out, F9 (Flyball, 9M)
Batting: RHB Felipe Domínguez 0-0: Foul Ball, location: 2F
0-1: Ball
1-1: Called Strike
1-2: Foul Ball, location: 2F
1-2: Ball
David Suarze steals 2nd base
2-2: Ball
3-2: Base on Balls
Batting: RHB Cristián Román 0-0: SINGLE (Groundball, 3L)
David Suarze to third
Felipe Domínguez to second
Runner from 3rd tries for Home, SAFE, no throw or cutoff
Batting: LHB José Garza 0-0: Ball
1-0: Ball
2-0: Called Strike
2-1: Foul Ball, location: 2F
2-2: Foul Ball, location: 2F
2-2: Ball
3-2: Base on Balls
Felipe Domínguez to third
Cristián Román to second
Batting: LHB Ernesto Hernández 0-0: Called Strike
0-1: Foul Ball, location: 2F
0-2: Strikes out looking
Bottom of the 5th over - 1 run(s), 1 hit(s), 0 error(s), 3 left on base; Pensacola 0 - Scottsdale 5
TOP OF THE 6TH
Pensacola Pilots batting - Pitching for Scottsdale Scorpions : RHP Curt Watkins
Batting: LHB Wilson Vecino 0-0: Swinging Strike
0-1: Foul Ball, location: 2F
0-2: Ball
1-2: Foul Ball, location: 2F
1-2: Strikes out swinging
Batting: RHB José Cordero 0-0: Fly out, F9 (Flyball, 9LMF)
Batting: RHB Leopoldo Horgan 0-0: Foul Ball, location: 2F
0-1: SINGLE (Line Drive, 56D)
Batting: RHB Roberto Gómez 0-0: Ball
1-0: Ball
2-0: Ground out 1-3 (Groundball, 13S)
Top of the 6th over - 0 run(s), 1 hit(s), 0 error(s), 1 left on base; Pensacola 0 - Scottsdale 5
BOTTOM OF THE 6TH
Scottsdale Scorpions batting - Pitching for Pensacola Pilots : RHP Pedro Vargas
Batting: RHB Doug Delaney 0-0: Foul Ball, location: 2F
0-1: Called Strike
0-2: Ball
1-2: Foul Ball, location: 2F
1-2: Ball
2-2: Foul Ball, location: 2F
2-2: Foul Ball, location: 2F
2-2: Foul Ball, location: 2F
2-2: Ball
3-2: Fly out, F2 (Popup, 2RF)
Batting: RHB Jeff Bane 0-0: Called Strike
0-1: Ball
1-1: Called Strike
1-2: Fly out, F4 (Popup, 34)
Batting: RHB Geomar Dalsoglio 0-0: Called Strike
0-1: Ball
1-1: Fly out, F7 (Line Drive, 7M)
Bottom of the 6th over - 0 run(s), 0 hit(s), 0 error(s), 0 left on base; Pensacola 0 - Scottsdale 5
TOP OF THE 7TH
Pensacola Pilots batting - Pitching for Scottsdale Scorpions : RHP Curt Watkins
Batting: LHB Alan McGilroy 0-0: Ground out 4-3 (Groundball, 4)
Batting: LHB Pedro Ramos 0-0: Foul Ball, location: 2F
0-1: Ball
1-1: Foul Ball, location: 2F
1-2: Ball
2-2: Fly out, F9 (Flyball, 9M)
Batting: RHB José Velázquez 0-0: Called Strike
0-1: Ball
1-1: Ball
2-1: Foul Ball, location: 2F
2-2: Ball
3-2: Strikes out swinging
Top of the 7th over - 0 run(s), 0 hit(s), 0 error(s), 0 left on base; Pensacola 0 - Scottsdale 5
BOTTOM OF THE 7TH
Scottsdale Scorpions batting - Pitching for Pensacola Pilots : RHP Pedro Vargas
Batting: RHB David Suarze 0-0: Foul Ball, location: 2F
0-1: Ground out 2-3 (Groundball, 25)
Batting: RHB Sergio Domínguez 0-0: Called Strike
0-1: Ball
1-1: Ball
2-1: Foul Ball, location: 2F
2-2: Strikes out looking
Batting: RHB Felipe Domínguez 0-0: Ball
1-0: Called Strike
1-1: Fly out, F7 (Flyball, 7M)
Bottom of the 7th over - 0 run(s), 0 hit(s), 0 error(s), 0 left on base; Pensacola 0 - Scottsdale 5
TOP OF THE 8TH
Pensacola Pilots batting - Pitching for Scottsdale Scorpions : RHP Curt Watkins
Pitching: RHP Paul Clark
Batting: RHB Peter Bishop 0-0: Ball
1-0: Called Strike
1-1: Foul Ball, location: 2F
1-2: Ball
2-2: Strikes out swinging
Batting: RHB Markus Cummins 0-0: Ball
1-0: Foul Ball, location: 2F
1-1: Ball
2-1: Foul Ball, location: 2F
2-2: Fly out, F3 (Popup, 3)
Batting: LHB Wilson Vecino 0-0: Foul Ball, location: 2F
0-1: Ball
1-1: Swinging Strike
1-2: Strikes out swinging
Top of the 8th over - 0 run(s), 0 hit(s), 0 error(s), 0 left on base; Pensacola 0 - Scottsdale 5
BOTTOM OF THE 8TH
Scottsdale Scorpions batting - Pitching for Pensacola Pilots : RHP Pedro Vargas
Batting: RHB Cristián Román 0-0: Hit by Pitch
Batting: LHB José Garza 0-0: Bunt missed!
0-1: Sac Bunt - play at second, runner OUT! 5-6
Batting: LHB Ernesto Hernández 0-0: Called Strike
0-1: Ball
1-1: Fly out, F9 (Flyball, 89M)
Batting: RHB Doug Delaney 0-0: Called Strike
0-1: Foul Ball, location: 2F
0-2: Ball
1-2: Strikes out looking
Bottom of the 8th over - 0 run(s), 0 hit(s), 0 error(s), 1 left on base; Pensacola 0 - Scottsdale 5
TOP OF THE 9TH
Pensacola Pilots batting - Pitching for Scottsdale Scorpions : RHP Paul Clark
Pitching: RHP Jesús Ramírez
Batting: RHB José Cordero 0-0: Ball
1-0: SINGLE (Groundball, 56D)
Batting: RHB Leopoldo Horgan 0-0: Fly out, F8 (Flyball, 8LM)
Batting: RHB Roberto Gómez 0-0: Called Strike
0-1: Hit by Pitch
José Cordero to second
Batting: LHB Alan McGilroy 0-0: Ball
1-0: Swinging Strike
1-1: Swinging Strike
1-2: Strikes out swinging
Batting: LHB Pedro Ramos 0-0: Ball
1-0: Foul Ball, location: 2F
1-1: 3-RUN HOME RUN (Line Drive, 9LD), Distance : 338 ft
Batting: RHB José Velázquez 0-0: Fly out, F3 (Popup, 3F)
Top of the 9th over - 3 run(s), 2 hit(s), 0 error(s), 0 left on base; Pensacola 3 - Scottsdale 5
Monday, December 5th, 2016 - OOTP Baseball 17.12 Build 75